 Dungeon Crawl Stone Soup version 0.26-a0-1191-ge2a0e31ab3 (webtiles) character file.

Game seed: 6483109013212128558

3889 sanka the Covert (level 10, -5/49 HPs)
             Began as a Spriggan Enchanter on Dec 28, 2020.
             Slain by a two-headed ogre
             ... wielding a +0 giant spiked club
              (23 damage)
             ... on level 7 of the Dungeon.
             The game lasted 00:21:14 (9970 turns).

sanka the Covert (Spriggan Enchanter)               Turns: 9970, Time: 00:21:15

Health: -5/49      AC:  2    Str:  4    XL:     10   Next: 0%
Magic:  3/15       EV: 24    Int: 17    God:
Gold:   426        SH: 10    Dex: 20    Spells: 9/15 levels left

rFire    . . .     SeeInvis +   a - +1 dagger
rCold    + . .     Faith    .   z - +2 buckler
rNeg     . . .     Spirit   .   b - +0 robe
rPois    .         Reflect  .   (helmet restricted)
rElec    .         Harm     .   B - scarf {repulsion}
rCorr    .         Rampage  .   (gloves unavailable)
Will     +....                  (boots unavailable)
Stlth    ++++......             c - amulet of magic regeneration
HPRegen  0.16/turn              A - ring of protection from cold
MPRegen  0.39/turn              m - +4 ring of slaying

@: repel missiles, very quick
A: very small, unfitting armour, see invisible, speed 3
a: no special abilities


You were on level 7 of the Dungeon.
You visited 2 branches of the dungeon, and saw 9 of its levels.

You collected 522 gold pieces.
You spent 96 gold pieces at shops.


Innate Abilities, Weirdness & Mutations

You are very small and have problems with some larger weapons.
You are too small for most types of armour.
You have supernaturally acute eyesight. (SInv)
You cover ground extremely quickly.


   Skills:
 - Level 3.0 Fighting
 - Level 5.0 Short Blades
 - Level 8.0 Dodging
 + Level 8.2 Stealth
 - Level 7.2 Shields
 - Level 3.0 Spellcasting
 - Level 8.0 Hexes


You had 9 spell levels left.
You knew the following spells:

 Your Spells              Type           Power        Failure   Level
z - Ensorcelled Hibernat  Hex/Ice        32%          4%          2
X - Confusing Touch       Hex            29%          1%          3
Z - Corona                Hex            32%          1%          1

Your spell library contained the following spells:

 Spells                   Type           Power        Failure   Level
 Tukima's Dance           Hex            29%          1%          3
 Dazzling Flash           Conj/Hex       32%          10%         3
 Summon Guardian Golem    Hex/Summ       16%          10%         3
 Summon Small Mammal      Summ           8%           17%         1
 Call Imp                 Summ           2%           26%         2
 Call Canine Familiar     Summ           2%           45%         3
 Gell's Gravitas          Tloc           1%           45%         3
 Metabolic Englaciation   Hex/Ice        8%           67%         5
 Yara's Violent Unravell  Hex/Tmut       8%           67%         5
 Petrify                  Tmut/Erth      2%           86%         4
 Summon Ice Beast         Ice/Summ       2%           86%         4
 Summon Lightning Spire   Summ/Air       2%           86%         4

Inventory:

Hand Weapons
 a - a +1 dagger (weapon)
 v - a +2 short sword of freezing
Missiles
 o - a throwing net {=f}
Armour
 b - a +0 robe (worn)
 z - a +2 buckler (worn)
 B - a scarf of repulsion (worn)
Jewellery
 c - an amulet of magic regeneration (around neck)
 m - a +4 ring of slaying (right hand)
 A - a ring of protection from cold (left hand)
Wands
 t - a wand of polymorph (10)
Scrolls
 e - 2 scrolls of identify {@r1}
 h - 3 scrolls of blinking
 l - 3 scrolls of fear
 q - 2 scrolls of enchant weapon
 s - 4 scrolls of teleportation {@r4}
 x - a scroll of enchant armour
 y - 3 scrolls of remove curse
 D - a scroll of torment {unknown}
Potions
 d - 2 potions of mutation {unknown}
 f - 3 potions of magic
 g - 2 potions of lignification {unknown}
 i - a potion of flight {unknown}
 j - 3 potions of attraction {!q}
 k - 3 potions of degeneration {unknown}
 n - 5 potions of curing {unknown}
 p - a potion of ambrosia {unknown}
 r - 3 potions of brilliance {unknown}
 u - 3 potions of might
 w - 2 potions of haste {unknown}
 C - a potion of heal wounds {unknown}

Dungeon Overview and Level Annotations

Branches:
Dungeon (8/15)             Temple (1/1) D:7
   Lair: D:8-11

Altars:
Ashenzari
Cheibriados
Dithmenos
Elyvilon
Fedhas
Gozag
Hepliaklqana
Kikubaaqudgha
Makhleb
Nemelex Xobeh
Okawaru
Qazlal
Ru
Sif Muna
Trog
Uskayaw
Wu Jian
Xom
Yredelemnul
Zin
The Shining One

Shops:
D:5 * D:7

* ▒.▒▒▒▒▒▒.▒.▒ ▒†▒ ▒.▒.▒
▒[▒ ▒.▒.▒ ▒▒▒▒▒▒▒▒▒▒ ▒.▒
▒.▒.▒ .........▒ ▒.▒
▒.▒.▒ .........▒ ▒.▒
▒.▒.▒ .....÷[..▒▒▒▒.▒
▒.▒.▒
......>.......▒▒▒▒▒▒.▒.▒▒
▒▒▒...▒▒▒▒......iO...▒..▒
......▒▒.▒.▒▒▒▒▒▒▒▒▒▒▒.▒▒
▒▒....▒▒...▒ ▒.▒
▒....▒▒.▒▒▒▒▒▒▒▒▒▒▒▒▒.▒▒
▒....▒▒.▒..............▒
▒....▒▒.▒.▒▒▒▒▒▒▒▒▒▒▒▒▒▒
▒....'..............▒
▒▒▒...▒▒.▒.▒▒▒▒▒▒▒▒▒.▒
..▒...▒▒...........▒.▒


You could see a two-headed ogre (confused).


Message History

Aim: a two-headed ogre, wielding a +0 giant spiked club and a +0 giant club (chance to affect: 29%)
The two-headed ogre easily resists.
Aiming: Ensorcelled Hibernation (safe; 4% risk of failure)
Aim: a two-headed ogre, wielding a +0 giant spiked club and a +0 giant club (chance to affect: 29%)
The two-headed ogre easily resists.
Aiming: Ensorcelled Hibernation (safe; 4% risk of failure)
Aim: a two-headed ogre, wielding a +0 giant spiked club and a +0 giant club (chance to affect: 29%)
The two-headed ogre easily resists.
Aiming: Ensorcelled Hibernation (safe; 4% risk of failure)
Aim: a two-headed ogre, wielding a +0 giant spiked club and a +0 giant club (chance to affect: 29%)
The two-headed ogre easily resists.
Aiming: Ensorcelled Hibernation (safe; 4% risk of failure)
Aim: a two-headed ogre, wielding a +0 giant spiked club and a +0 giant club (chance to affect: 29%)
The two-headed ogre looks drowsy...
The two-headed ogre shouts in stereo!
You block the two-headed ogre's attack. The two-headed ogre closely misses you.
You hit the two-headed ogre but do no damage.
Your hands begin to glow red.
You hit the two-headed ogre but do no damage.
The two-headed ogre hits you with a +0 giant spiked club!!
The two-headed ogre hits you with a +0 giant club!
* * * LOW HITPOINT WARNING * * *
You hit the two-headed ogre but do no damage.
The two-headed ogre appears confused.
You hit the two-headed ogre.
The two-headed ogre is lightly wounded.
The two-headed ogre mumbles something.
The two-headed ogre hits you with a +0 giant spiked club!!
You die...

Action                   |  1- 3 |  4- 6 |  7- 9 | 10-12 || total
-------------------------+-------+-------+-------+-------++-------
Melee: Dagger            |    73 |   115 |   268 |     4 ||   460
 Cast: Corona            |     7 |       |       |       ||     7
       Ensorcelled Hiber |    21 |    58 |   105 |     6 ||   190
       Confusing Touch   |       |       |    23 |     1 ||    24
  Use: Scroll            |       |     6 |     4 |       ||    10
 Stab: Sleeping          |    22 |    48 |    78 |       ||   148
       Distracted        |       |     1 |     1 |       ||     2
       Confused          |       |       |    25 |       ||    25
Armor: Robe              |     4 |     8 |     7 |       ||    19
Dodge: Dodged            |    39 |   112 |   214 |     1 ||   366
Block: Buckler           |       |       |    66 |     1 ||    67

Levels and vault maps discovered:
D:1:      lemuel_arrival_rhombus, layout_basic
D:2:      layout_basic, lightli_temple_of_fire, uniq_jessica
D:3:      layout_loops_corners, zin_statuary, kiku_gazebo_pond_becter,
          lemuel_round_altar, serial_forest, infiniplex_forest_end_1,
          infiniplex_forest_corner_2, infiniplex_forest_corner_2,
          infiniplex_forest_lined_3_way, infiniplex_forest_pool,
          infiniplex_forest_corner_1, infiniplex_forest_clump_long,
          infiniplex_forest_straight_2, infiniplex_forest_straight_2,
          infiniplex_forest_lined_3_way
D:4:      kennysheep_big_flooded_room, layout_gridville, uniq_edmund
D:5:      wander_river, layout_rooms, serial_shops, shop
D:6:      layout_loops_ring, nzn_hepliaklqana_mist_gate, grunt_ministairs_9,
          nemelex_dance_club_becter, uniq_grinder
D:7:      layout_basic, minmay_temple_entry_glassed_door, nicolae_island_escapes
D:8:      layout_rooms, kennysheep_island_fort
Temple:   eino_temple_rhombus

Notes
Turn   | Place    | Note
-------+----------+-------------------------------------------
     0 | D:1      | sanka the Spriggan Enchanter began the quest for the Orb.
     0 | D:1      | Reached XP level 1. HP: 9/9 MP: 5/5
   244 | D:1      | Reached skill level 5 in Stealth
   478 | D:1      | Reached XP level 2. HP: 13/13 MP: 6/6
   489 | D:1      | Learned a level 2 spell: Ensorcelled Hibernation
   879 | D:1      | Reached skill level 6 in Stealth
  1243 | D:2      | Reached XP level 3. HP: 16/16 MP: 8/8
  1247 | D:2      | Learned a level 3 spell: Confusing Touch
  1410 | D:2      | Reached skill level 7 in Stealth
  1593 | D:2      | Noticed Jessica
  1603 | D:2      | Killed Jessica
  1604 | D:2      | Reached skill level 8 in Stealth
  1604 | D:2      | Reached XP level 4. HP: 21/21 MP: 6/9
  2042 | D:2      | Reached skill level 2 in Short Blades
  2735 | D:2      | Found a bloodstained altar of Trog.
  3081 | D:3      | Reached XP level 5. HP: 17/24 MP: 2/10
  3249 | D:3      | Reached skill level 3 in Short Blades
  3383 | D:3      | Found a glowing golden altar of the Shining One.
  3846 | D:3      | Reached skill level 4 in Short Blades
  3959 | D:3      | Found an ancient bone altar of Kikubaaqudgha.
  4255 | D:3      | Reached XP level 6. HP: 28/28 MP: 11/11
  4337 | D:3      | Found a glowing silver altar of Zin.
  4470 | D:4      | Reached skill level 5 in Short Blades
  4732 | D:4      | Noticed Edmund
  4739 | D:4      | Killed Edmund
  4740 | D:4      | Reached skill level 3 in Spellcasting
  4740 | D:4      | Reached skill level 5 in Hexes
  4950 | D:4      | Reached skill level 6 in Hexes
  4950 | D:4      | Reached XP level 7. HP: 32/32 MP: 12/12
  5052 | D:4      | Reached skill level 7 in Hexes
  5176 | D:5      | Entered Level 5 of the Dungeon
  5184 | D:5      | Found Ituniuno's General Store.
  5214 | D:5      | Reached skill level 8 in Hexes
  5361 | D:5      | Reached skill level 1 in Fighting
  5623 | D:5      | Reached skill level 4 in Dodging
  5623 | D:5      | Reached XP level 8. HP: 37/37 MP: 11/13
  5646 | D:5      | Reached skill level 2 in Fighting
  5646 | D:5      | Reached skill level 5 in Dodging
  6055 | D:5      | Bought 2 potions of might for 96 gold pieces
  6351 | D:6      | Reached skill level 6 in Dodging
  6605 | D:6      | Reached skill level 1 in Shields
  6719 | D:6      | Found a sparkling altar of Nemelex Xobeh.
  6740 | D:6      | Reached skill level 3 in Fighting
  6918 | D:6      | Reached skill level 7 in Dodging
  6918 | D:6      | Reached skill level 2 in Shields
  6939 | D:6      | Noticed Grinder
  6953 | D:6      | Killed Grinder
  6956 | D:6      | Reached skill level 8 in Dodging
  7161 | D:6      | Found a hazy altar of Hepliaklqana.
  7268 | D:7      | Reached skill level 3 in Shields
  7283 | D:7      | Reached XP level 9. HP: 43/44 MP: 10/14
  7571 | D:7      | Reached skill level 4 in Shields
  7620 | D:7      | Found Piewnaop's Island Escapes.
  7891 | D:7      | Reached skill level 5 in Shields
  8000 | D:7      | Found a staircase to the Ecumenical Temple.
  8005 | Temple   | Entered the Ecumenical Temple
  8392 | D:8      | Identified +0 acid dragon scales
  8397 | D:8      | Reached skill level 6 in Shields
  8875 | D:7      | Found Piewnaop's Island Escapes.
  8916 | D:7      | Found a staircase to the Ecumenical Temple.
  9596 | D:7      | Reached skill level 7 in Shields
  9794 | D:8      | Noticed a two-headed ogre
  9939 | D:7      | Reached XP level 10. HP: 41/49 MP: 9/15
  9970 | D:7      | Slain by a two-headed ogre

Vanquished Creatures
  Grinder (D:6)
  A hornet (D:8)
  Edmund (D:4)
  An acid dragon (D:8)
  A black bear (D:8)
  An orc warrior (D:7)
  An ice beast (D:7)
  A sky beast (D:5)
  2 phantoms
  4 ogres
  3 centaurs
  A big kobold (D:6)
  3 bullfrogs
  A wyvern zombie (D:7)
  A scorpion (D:4)
  3 killer bees (D:7)
  9 wights
  3 howler monkeys (D:7)
  5 hounds
  An orc priest (D:3)
  3 quasits
  2 centaur skeletons
  A gnoll shaman (D:4)
  6 orc wizards
  Jessica (D:2)
  A bullfrog skeleton (D:5)
  2 iguanas
  6 worker ants
  A killer bee zombie (D:6)
  2 hound skeletons
  A howler monkey skeleton (D:7)
  12 adders
  6 gnolls
  3 ufetubi
  2 oozes
  4 adder skeletons
  An adder zombie (D:5)
  3 worms
  2 dart slugs
  3 leopard geckos
  16 orcs
  A ball python (D:5)
  5 giant cockroaches
  9 goblins
  10 hobgoblins
  21 jackals
  2 quokkas
  4 bats
  5 frilled lizards
  17 kobolds
  A quokka skeleton (D:7)
  A quokka zombie (D:8)
  4 rats
202 creatures vanquished.

Vanquished Creatures (others)
  A plant (D:3)
1 creature vanquished.

Grand Total: 203 creatures vanquished
